 Dungeon Crawl Stone Soup version 0.29-a0-90-gc37658a0fe (webtiles) character file.

Game seed: 1049344425412732370

10 Mimshu the Insei (level 2, -3/18 HPs)
             Began as an Octopode Transmuter on Feb 6, 2022.
             Succumbed to a goblin's poison
             ... on level 1 of the Dungeon.
             The game lasted 00:01:36 (463 turns).

Mimshu the Insei (Octopode Transmuter)               Turns: 463, Time: 00:01:37

Health: -3/18      AC:  1    Str:  9    XL:     2   Next: 20%
Magic:  5/5        EV: 13    Int: 15    God:
Gold:   35         SH:  0    Dex: 12    Spells: 4/5 levels left

rFire   . . .      SeeInvis .   c - +0 short sword
rCold   . . .      Faith    .   (no shield)
rNeg    . . .      Spirit   .   (helmet restricted)
rPois   .          Reflect  .   (no amulet)
rElec   .          Harm     .   (no ring)
rCorr   .          Rampage  .   (no ring)
Will    .....                   (no ring)
Stlth   ++........              (no ring)
HPRegen 0.06/turn               (no ring)
MPRegen 0.09/turn               (no ring)
                                (no ring)
                                (no ring)

@: lethally poisoned (-3 -> -21)
A: almost no armour, amphibious, 8 rings, camouflage 1, gelatinous body 1,
(nimble swimmer 1), tentacles
a: no special abilities


You were on level 1 of the Dungeon.
You visited 1 branch of the dungeon, and saw 1 of its levels.

You collected 35 gold pieces.

Inventory:

Hand Weapons
 c - a +0 short sword (weapon)
Missiles
 d - 4 stones
Scrolls
 a - a scroll of silence {unknown}
 e - a scroll of blinking {unknown}
Potions
 b - a potion of mutation {unknown}


   Skills:
 + Level 1.0 Fighting
 + Level 2.0 Dodging
 + Level 3.4 Unarmed Combat
 + Level 2.1 Spellcasting
 + Level 2.1 Transmutations


You had 4 spell levels left.
You knew the following spells:

 Your Spells              Type           Power      Damage    Failure   Level
a - Beastly Appendage     Tmut           14%        N/A       10%         1

Your spell library contained the following spells:

 Spells                   Type           Power      Damage    Failure   Level
 Wereblood                Tmut           7%         N/A       14%         2
 Spider Form              Tmut/Pois      4%         N/A       38%         3
 Ice Form                 Ice/Tmut       4%         N/A       80%         4


Dungeon Overview and Level Annotations

Branches:
Dungeon (1/15)

Altars:


Innate Abilities, Weirdness & Mutations

You cannot wear most types of armour.
You are amphibious.
You can wear up to eight rings at the same time.
Your skin changes colour to match your surroundings (Stealth+).
Your rubbery body absorbs attacks. (AC +1, EV +1)
((You are camouflaged when in or above water. (Stealth+)))
You have tentacles for arms and can constrict up to eight enemies at once.


Message History

A giant cockroach comes into view.
There is a dry fountain here.
You see here 18 gold pieces.
The helpless giant cockroach fails to defend itself.
You hit the giant cockroach. You grab the giant cockroach.
You squeeze the giant cockroach, but do no damage.
The giant cockroach is almost dead.
You constrict the giant cockroach.
You kill the giant cockroach!
You now have 35 gold pieces (gained 18).
A goblin comes into view. It is wielding a +2 dagger of venom.
A goblin is nearby!
A bat comes into view.
Found 12 stones.
The helpless bat fails to defend itself.
You hit the bat. Your grab misses the bat.
The bat is heavily wounded.
The bat barely misses you.
You hit the bat.
You kill the bat!
The goblin shouts!
You closely miss the goblin. Your grab misses the goblin.
The goblin closely misses you. x2
You barely miss the goblin. Your grab misses the goblin.
The goblin hits you with a +2 dagger of venom.
You are lethally poisoned!
You hit the goblin. Your grab misses the goblin.
The goblin is heavily wounded.
You feel very sick.
The goblin hits you with a +2 dagger of venom.
You are more poisoned.
You hit the goblin but do no damage. Your grab misses the goblin.
You tentacle-slap the goblin.
The goblin is severely wounded.
* * * LOW HITPOINT WARNING * * *
You feel very sick. The goblin closely misses you.
You hit the goblin.
You kill the goblin!
You die...

#...#### #.
########...# #.
.........♣♣# ##.
##.#####♣.♣ ..
#.♣♣♣♣ ♣.♣♣ #.
♣...♣ ♣♣†♣♣
##.###.##
♣♣♣.♣♣♣♣..♣
#.....).#
♣♣.....8♣ #@♣♣♣♣
♣♣♣.⌠.._♣
#♣...♣♣♣......8♣
#.♣♣.....♣♣♣♣..♣
#.. ♣♣♣♣♣♣# ...♣
#.# ..♣♣ #. .♣♣
#( ♣♣ . .


There were no monsters in sight!

Vanquished Creatures
  A ball python (D:1)
  A bat (D:1)
  An endoplasm (D:1)
  A giant cockroach (D:1)
  3 goblins (D:1)
  A kobold (D:1)
  2 rats (D:1)
10 creatures vanquished.

Notes
Turn   | Place    | Note
-------+----------+-------------------------------------------
     0 | D:1      | Mimshu the Octopode Transmuter began the quest for the Orb.
     0 | D:1      | Reached XP level 1. HP: 13/13 MP: 3/3
   378 | D:1      | Found a faded altar of an unknown god.
   386 | D:1      | Reached XP level 2. HP: 14/18 MP: 5/5
   463 | D:1      | Succumbed to a goblin's poison

Illustrated notes

Levels and vault maps discovered:
D:1:      co_arrival_square_in_a_square_in_a_square, layout_loops_ring,
          shapermc_ecumenical_altar_totnotflames, hex_medium

Action                   || total
-------------------------++-------
Melee: Unarmed           ||     7
       Short sword       ||    13
       Kick              ||     4
       Constrict         ||     3
       Tentacles         ||     3
       Punch             ||     1
 Cast: Beastly Appendage ||     3
 Stab: Sleeping          ||     4
Dodge: Dodged            ||     5

Table legend: (Time is in decaauts)
 A = Elapsed time spent in this place.
 B = Non-inter-level travel time spent in this place.
 C = Inter-level travel time spent in this place.
 D = Time resting spent in this place.
 E = Time spent auto-exploring this place.
 F = Levels seen in this place.
 G = Mean time per level.
                   A        B        C        D        E       F      G
               +--------+--------+--------+--------+--------+-----+--------+
         Total |    463 |    463 |      0 |    119 |    247 |   1 |  463.0 |
       Dungeon |    463 |    463 |      0 |    119 |    247 |   1 |  463.0 |
               +--------+--------+--------+--------+--------+-----+--------+

Top non-repeatable levels by time:
     D:1: 463 daAuts
